 Dungeon Crawl Stone Soup version 0.21-a0-111-g52d2817 (webtiles) character file.

37075 Svalin the Warrior (level 13, 0/129 HPs)
             Began as a Hill Orc Fighter on June 17, 2017.
             Was a High Priest of Beogh.
             Slain by a shadow imp (3 damage)
             ... on level 9 of the Dungeon on July 10, 2017.
             The game lasted 01:06:50 (20883 turns).

Svalin the Warrior (Hill Orc Fighter)              Turns: 20883, Time: 01:06:50

Health: 0/129      AC:  0    Str: 20    XL:     13   Next: 94%
Magic:  13/13      EV: 14    Int:  8    God:    Beogh [*****.]
Gold:   994        SH:  0    Dex: 14    Spells: 12/12 levels left

rFire    . . .     SeeInvis .   i - +2 whip (elec)
rCold    . . .     Gourm    .   (no shield)
rNeg     . . .     Faith    .   (no armour)
rPois    .         Spirit   .   (no helmet)
rElec    .         Reflect  .   (no cloak)
rCorr    .         Harm     .   (no gloves)
MR       .....                  (no boots)
Stlth    +.........             (no amulet)
HPRegen  0.31/turn              (no ring)
MPRegen  0.13/turn              (no ring)

@: lethally poisoned (0 -> -13), studying Ice Magic
A: walk on water
a: Smiting, Recall Orcish Followers, Give Item to Named Follower, Renounce
Religion


You were on level 9 of the Dungeon.
You worshipped Beogh.
Beogh was extremely pleased with you.
You were very full.

You visited 2 branches of the dungeon, and saw 15 of its levels.
You also visited: Labyrinth, Sewer and Ice Cave.

You collected 994 gold pieces.

Inventory:

Hand Weapons
 i - a +2 whip of electrocution (weapon)
 O - a +2 triple sword of freezing
Missiles
 u - 4 steel tomahawks (quivered)
Armour
 E - a +1 helmet
 F - the +1 pair of gloves "Alias" {Int+4}
   (You acquired it on level 8 of the Dungeon)

   It affects your intelligence (+4).
 J - a +2 shield
 K - a +2 pair of boots
 M - a +2 plate armour of magic resistance
 P - a +1 helmet of intelligence
 R - the scarf of Uskayaw's Envy {rC+ MR- Int+5}
   (You acquired it on level 1 of the Lair of Beasts)

   It affects your intelligence (+5).
   It protects you from cold.
   It affects your resistance to hostile enchantments.
Jewellery
 a - an uncursed ring of positive energy
 l - an uncursed ring of wizardry
 m - a +2 ring of evasion
 o - an uncursed ring of resist corrosion
 p - the amulet "Impur" {Gourm Str+3}
   (You found it on level 6 of the Dungeon)

   [amulet of the gourmand]

   It allows you to eat raw meat even when not hungry.
   It affects your strength (+3).
 x - an uncursed ring of ice
 z - an uncursed ring of fire
 B - an uncursed ring of poison resistance
 N - a +1 ring of protection
 U - an uncursed ring of protection from fire
 X - an uncursed ring of fire
 Y - a cursed -2 ring of dexterity
Wands
 b - a wand of acid (0/15)
 e - a wand of disintegration (9/24)
 g - a wand of disintegration (13/24)
 t - a wand of iceblast (2/15)
 A - a wand of lightning (5/15)
 G - a wand of enslavement (10/24)
 H - a wand of flame (26/48)
 S - a wand of iceblast (5/15)
Scrolls
 h - 11 scrolls of teleportation
 y - 7 scrolls of remove curse
 L - a scroll of fog
Potions
 d - a potion of agility
 j - 2 potions of ambrosia
 n - 2 potions of mutation
 v - a potion of brilliance
 w - 5 potions of flight
 D - 4 potions of curing
 I - a potion of magic
 V - a potion of haste
 Z - 2 potions of might
Books
 k - a manual of Ice Magic
 Q - Gevif's Incunabulum of the Mountains and Lightness
   (You found it in a labyrinth)

   Spells                             Type                      Level
   a - Passwall                       Transmutation/Earth          2
   b - Mephitic Cloud                 Conjuration/Poison/Air       3
   c - Stone Arrow                    Conjuration/Earth            3
   d - Leda's Liquefaction            Hexes/Earth                  4
   e - Summon Lightning Spire         Summoning/Air                4
   f - Bolt of Magma                  Conjuration/Fire/Earth       5
   g - Iron Shot                      Conjuration/Earth            6
   h - Statue Form                    Transmutation/Earth          6
 T - a book of Conjurations

   Spells                             Type                      Level
   a - Magic Dart                     Conjuration                  1
   b - Searing Ray                    Conjuration                  2
   c - Dazzling Spray                 Conjuration/Hexes            3
   d - Fulminant Prism                Conjuration/Hexes            4
   e - Force Lance                    Conjuration/Translocation    4
   f - Iskenderun's Mystic Blast      Conjuration                  4
Comestibles
 f - 5 bread rations
 q - 13 royal jellies
 s - 6 meat rations
 C - 16 fruits


   Skills:
 * Level 16.3 Fighting
   Level 4.2(12.9) Axes
 + Level 15.7(15.8) Maces & Flails
 - Level 11.1 Armour
 + Level 4.2 Dodging
 - Level 3.2 Shields


You had 12 spell levels left.
You didn't know any spells.

Dungeon Overview and Level Annotations

Branches:
Dungeon (9/15)             Temple (0/1) D:7            Lair (6/6) D:9
 Shoals (0/4) Lair:2       Spider (0/4) Lair:3        Slime (0/5) Lair:5
    Orc: D:9-12

Altars:
Ashenzari
Cheibriados
Dithmenos
Elyvilon
Makhleb
Trog
The Shining One

Annotations:
Lair:3 Llamajah's ghost, journeyman FoFi


Message History

The adder poisons you! The shadow imp hits you.
* * * LOW HITPOINT WARNING * * *
The adder bites you.
* * * LOW HITPOINT WARNING * * *
You are more poisoned.
The adder poisons you!
You feel sick. The adder closely misses you. The shadow imp barely misses you.
You feel sick. The adder closely misses you. The shadow imp hits you.
* * * LOW HITPOINT WARNING * * *
You feel sick. The adder closely misses you. The shadow imp hits you.
* * * LOW HITPOINT WARNING * * *
The adder bites you.
* * * LOW HITPOINT WARNING * * *
Unknown command.
* * * LOW HITPOINT WARNING * * *
You feel sick. The adder barely misses you. The shadow imp hits you.
* * * LOW HITPOINT WARNING * * *
* * * LOW HITPOINT WARNING * * *
You feel sick. The adder closely misses you. The shadow imp hits you.
You die...

..)#.............# #......# #
.#.#.............# ##......#
...........#.#######...(#.#####
..#........#.# ###..#..#.....#
..##.......#.####..........##.###
.####.##...................##..#.
.# ##....##.....#................
.# #...####.....#..........####.#
.###...........5@S.........###...
.......[(((......#.......#.......
.#.##....(()(...(...........####.
.#....#.)#.###(###..........# ##
......#..#.# #.# #..#.......# #
...<.....#.# #.###..#.......# #
.....#.#.#.# #..............# #
.....#...#.####...#########.# ##
.....#......##P....##.## #.####.


You could see an adder and a shadow imp.

Vanquished Creatures
  A minotaur (Lab)
  Josephine (Lair:4)
  A hydra (Lair:6)
  A catoblepas (Lair:6)
  A merfolk avatar (Lair:6)
  A two-headed ogre (D:9)
  A sea snake (Lair:6)
  A harpy (Lair:6)
  2 ugly things (IceCv)
  6 elephants (Lair:6)
  A merfolk siren (Lair:2)
  Joseph (D:7)
  A black mamba (Lair:6)
  3 ice statues (IceCv)
  5 spiny frogs
  A gargoyle (Lab)
  2 rime drakes (Lair:6)
  4 komodo dragons
  A jumping spider (Lair:3)
  2 polar bears
  2 hornets (Lair:6)
  18 blink frogs
  The ghost of mhoghedin the Shield-Bearer, an amateur HaFi (D:3)
  A dream sheep (Lair:6)
  4 hippogriffs
  Sigmund (D:2)
  5 redbacks (Lair:3)
  3 wraiths (Lair:4)
  2 wyverns
  20 yaks
  A basilisk (Lair:3)
  5 water moccasins
  Duvessa (D:4)
  5 porcupines
  5 orc warriors
  15 ice beasts
  A phantom (D:8)
  5 wolves (Lair:6)
  5 ogres
  4 centaurs
  6 crocodiles
  A big kobold (D:9)
  14 bullfrogs
  An earth elemental (Lab)
  Dowan (D:5)
  5 scorpions
  6 killer bees
  3 howler monkeys
  An electric eel (Lair:3)
  4 crimson imps
  14 jellies
  A centaur zombie (D:7)
  6 hounds
  2 orc priests
  Ijyb (D:3)
  4 iguanas
  4 orc wizards
  Natasha (twice) (D:4)
  6 worker ants
  Terence (D:2)
  2 worker ant zombies
  9 gnolls
  A howler monkey skeleton (D:4)
  9 adders
  2 shadow imps (D:8)
  9 oozes
  A worm (D:3)
  4 dart slugs
  7 leopard geckos
  26 orcs
  3 ball pythons
  9 giant cockroaches
  6 goblins
  9 hobgoblins
  6 jackals
  12 kobolds
  6 quokkas
  10 bats
  6 frilled lizards
  A jackal zombie (D:9)
  A leopard gecko zombie (D:9)
  A quokka skeleton (D:4)
  7 rats
  2 plants
373 creatures vanquished.

Vanquished Creatures (collateral kills)
  A manticore (Lair:6)
  A black mamba (Lair:6)
  4 elephants (Lair:6)
  4 spiny frogs
  5 komodo dragons (Lair:6)
  A polar bear (Lair:6)
  8 blink frogs
  A wind drake (Lair:6)
  3 dream sheep (Lair:6)
  A hippogriff (Lair:5)
  A wraith (Lair:4)
  14 yaks
  3 water moccasins
  A porcupine (Lair:3)
  A wolf (Lair:6)
  8 crocodiles
  4 jellies (Lair:5)
  4 fungi
  2 plants (Lair:6)
67 creatures vanquished.

Vanquished Creatures (others)
  An orc priest (D:6)
  An orc wizard (Lair:3)
  An orc (Lair:6)
  14 fungi
  8 plants
25 creatures vanquished.

Grand Total: 465 creatures vanquished

Notes
Turn   | Place    | Note
-------+----------+-------------------------------------------
     0 | D:1      | Svalin the Hill Orc Fighter began the quest for the Orb.
     0 | D:1      | Reached XP level 1. HP: 19/19 MP: 1/1
    79 | D:1      | Reached XP level 2. HP: 13/26 MP: 2/2
   394 | D:1      | Reached XP level 3. HP: 28/31 MP: 3/3
   514 | D:1      | Reached skill level 1 in Maces & Flails
  1001 | D:2      | Noticed Sigmund
  1015 | D:2      | Killed Sigmund
  1015 | D:2      | Reached skill level 5 in Maces & Flails
  1015 | D:2      | Reached XP level 4. HP: 39/39 MP: 4/4
  1015 | D:2      | Reached XP level 5. HP: 45/45 MP: 5/5
  1112 | D:2      | Noticed Terence
  1117 | D:2      | Killed Terence
  1117 | D:2      | Reached XP level 6. HP: 51/51 MP: 6/6
  1705 | D:3      | Noticed Ijyb
  1721 | D:3      | Killed Ijyb
  1978 | D:3      | Noticed mhoghedin's ghost (amateur HaFi)
  1996 | D:3      | Killed mhoghedin's ghost
  1996 | D:3      | Reached XP level 7. HP: 41/57 MP: 7/7
  2146 | D:3      | Found a glowing drain.
  2169 | Sewer    | Entered a sewer
  3829 | D:4      | Noticed Natasha
  3834 | D:4      | Killed Natasha
  3987 | D:4      | Reached XP level 8. HP: 62/64 MP: 8/8
  4264 | D:4      | Noticed Natasha
  4269 | D:4      | Killed Natasha
  4383 | D:5      | Entered Level 5 of the Dungeon
  4578 | D:5      | Noticed Dowan
  4597 | D:5      | Killed Dowan
  4597 | D:5      | Reached skill level 4 in Fighting
  4611 | D:5      | Noticed Duvessa
  4635 | D:4      | Killed Duvessa
  4859 | D:5      | Reached skill level 10 in Maces & Flails
  5061 | D:5      | Found a burning altar of Makhleb.
  5115 | D:5      | You fall through a shaft for 2 floors!
  5218 | D:7      | Reached skill level 5 in Fighting
  5295 | D:7      | Noticed Joseph
  5349 | D:7      | Killed Joseph
  5349 | D:7      | Reached skill level 5 in Armour
  5349 | D:7      | Reached XP level 9. HP: 11/75 MP: 9/9
  5803 | D:6      | Became a worshipper of Beogh the Brigand
  6038 | D:6      | Reached skill level 6 in Fighting
  6366 | D:6      | Got a wavering jade amulet
  6367 | D:6      | Identified the amulet "Impur" {Gourm Str+3} (You found it on level 6 of the Dungeon)
  7270 | D:7      | Found a staircase to the Ecumenical Temple.
  7730 | D:7      | Reached skill level 7 in Fighting
  8014 | D:7      | Reached XP level 10. HP: 86/86 MP: 10/10
  8072 | D:8      | Found a shadowy altar of Dithmenos.
  8092 | D:8      | Reached * piety under Beogh
  8943 | D:9      | Noticed a two-headed ogre
  9020 | D:8      | Identified a scroll of acquirement
  9021 | D:8      | Got a pair of brightly glowing gloves
  9032 | D:8      | Identified the +1 pair of gloves "Alias" {Int+4} (You acquired it on level 8 of the Dungeon)
  9079 | D:9      | Killed a two-headed ogre
  9185 | D:9      | Reached skill level 8 in Fighting
  9223 | D:9      | Got a flickering graven amulet
  9224 | D:9      | Identified the amulet of Lofaro {Faith Str+4} (You found it on level 9 of the Dungeon)
  9252 | D:9      | Got a steaming chain mail
  9263 | D:9      | Identified the +7 chain mail of Foolhardiness {+Fly rN+ Slay-4} (You found it on level 9 of the Dungeon)
  9291 | D:9      | Found a staircase to the Lair.
  9299 | D:9      | Reached ** piety under Beogh
  9543 | D:9      | Found a glowing golden altar of the Shining One.
  9543 | D:9      | Found a white marble altar of Elyvilon.
  9548 | D:9      | Found a shattered altar of Ashenzari.
  9550 | D:9      | Found a bloodstained altar of Trog.
  9552 | D:9      | Found a snail-covered altar of Cheibriados.
  9706 | Lair:1   | Entered Level 1 of the Lair of Beasts
  9939 | Lair:1   | Reached skill level 9 in Fighting
  9956 | Lair:1   | Reached XP level 11. HP: 62/97 MP: 11/11
 10397 | Lair:1   | Reached skill level 10 in Fighting
 10934 | Lair:1   | Got a transparent scarf
 10940 | Lair:1   | Identified the scarf of Uskayaw's Envy {rC+ MR- Int+5} (You acquired it on level 1 of the Lair of Beasts)
 11477 | Lair:2   | Found a staircase to the Shoals.
 11937 | Lair:3   | Noticed Llamajah's ghost (journeyman FoFi)
 12286 | Lair:3   | Reached skill level 11 in Fighting
 12295 | Lair:3   | Reached *** piety under Beogh
 12318 | Lair:3   | Found a frozen archway.
 12365 | IceCv    | Entered an ice cave
 12539 | IceCv    | Noticed a white ugly thing
 12554 | IceCv    | Killed a white ugly thing
 13005 | IceCv    | Reached skill level 12 in Fighting
 13168 | IceCv    | Noticed a white ugly thing
 13204 | IceCv    | Reached XP level 12. HP: 98/112 MP: 12/12
 13215 | IceCv    | Reached skill level 10 in Armour
 14094 | Lair:3   | Found a hole to the Spider Nest.
 14738 | Lair:4   | Noticed Josephine
 14747 | Lair:4   | Killed Josephine
 14747 | Lair:4   | Reached skill level 13 in Fighting
 14765 | Lair:4   | Gained Borgun as an ally
 15711 | Lair:5   | Reached **** piety under Beogh
 16173 | Lair:5   | Found a staircase to the Slime Pits.
 16421 | Lair:5   | Reached skill level 14 in Fighting
 16730 | Lair:5   | Reached skill level 15 in Maces & Flails
 16758 | Lair:6   | Entered Level 6 of the Lair of Beasts
 16971 | Lair:6   | Reached XP level 13. HP: 114/124 MP: 13/13
 17029 | Lair:6   | Reached skill level 1 in Dodging
 17033 | Lair:6   | Reached ***** piety under Beogh
 17339 | Lair:6   | Found a labyrinth entrance.
 17348 | Lab      | Entered a labyrinth
 18575 | Lab      | Noticed a minotaur
 18589 | Lab      | Killed a minotaur
 18589 | Lab      | Reached skill level 15 in Fighting
 18602 | Lab      | Identified Gevif's Incunabulum of the Mountains and Lightness
 19859 | Lair:6   | Reached skill level 16 in Fighting
 20761 | D:9      | Upgraded the game from 0.21-a0-67-g3f13d09 to 0.21-a0-111-g52d2817
 20882 | D:9      | HP: 5/129 [shadow imp (6)]
 20883 | D:9      | Slain by a shadow imp

Vault maps used:
D:1:      evilmike_arrival_home_sweet_home
D:2:      uniq_sigmund, uniq_terence
D:3:      gup_sewer_entry_glass, grunt_ministairs_9, uniq_ijyb
D:4:      kennysheep_generic_room_8, uniq_natasha
D:5:      lemuel_doored_altar, first_bread, uniq_duvessa
D:7:      temple_fountains, serial_park, serial_park_square2,
          serial_park_square2, serial_park_square1, serial_park_tiny_1,
          uniq_joseph
D:8:      serial_curves, eino_curves_03, eino_curves_01, eino_curves_03,
          eino_curves_03, hangedman_little_slice_of_home,
          nicolae_dithmenos_the_darkroom
D:9:      chequers_temple_overflow_minitemple, david_lair_shrubbed
Lair:2:   minmay_shoals_entry_lonely_mermaid, lemuel_fruit_tree,
          infiniplex_staircase_pool_2
Lair:3:   nicolae_spider_entry_tight_spaces, portal_ice_cave_entry_ice_beasts,
          beast_lair_carwin_1, infiniplex_staircase_pool
Lair:4:   uniq_josephine
Lair:5:   minmay_slime_entry_jelly_boxes, lookout_lair_type,
          minmay_stone_trees_small
Lair:6:   gammafunk_lair_ancient_temple, lab_entry_generic
Lab:      nicolae_lab_dead_adventurers, nicolae_lab_lava
Sewer:    sewer_frog_island_01
IceCv:    ice_cave_statue_garden_chambered

Skill      XL: |  1  2  3  4  5  6  7  8  9 10 11 12 13 |
---------------+----------------------------------------+-----
Axes           | 3 4 |  4.2
Maces & Flails | 5 7 9 10 12 13 14 15 | 15.7
Fighting       | 5 7 9 12 14 16 | 16.3
Armour         | 5 6 8 9 11 | 11.1
Dodging        | 4 |  4.2
Shields        | |  3.2

Action                   |  1- 3 |  4- 6 |  7- 9 | 10-12 | 13-15 || total
-------------------------+-------+-------+-------+-------+-------++-------
Melee: War axe           |    19 |       |       |       |       ||    19
       Whip              |    61 |   101 |   459 |  1059 |   371 ||  2051
Throw: Tomahawk          |       |     9 |    11 |    33 |       ||    53
Invok: Convert to Beogh  |       |       |     1 |       |       ||     1
       Recall Orcish Fol |       |       |       |       |     2 ||     2
       Give Item to Name |       |       |       |       |     1 ||     1
Evoke: Wand              |       |       |       |    13 |     2 ||    15
  Use: Potion            |     1 |       |     6 |     6 |     1 ||    14
       Scroll            |       |     5 |    10 |    13 |     8 ||    36
 Stab: Invisible         |       |       |       |     8 |       ||     8
       Distracted        |       |       |       |     6 |     5 ||    11
       Paralysed         |       |       |       |       |     9 ||     9
  Eat: Chunk             |       |     9 |    23 |    30 |    10 ||    72
Armor: Scale mail        |    47 |    14 |       |       |       ||    61
       Chain mail        |       |    30 |   139 |   232 |       ||   401
       Plate armour      |       |       |       |   172 |   192 ||   364
       Skin              |       |       |       |       |     1 ||     1
Dodge: Dodged            |    48 |    34 |   139 |   331 |   172 ||   724
